 Dungeon Crawl Stone Soup version 0.27-a0-170-g607d9e9d85 (webtiles) character file.

Game seed: 6176582434416484743

1306 kae the Ruffian (level 8, -2/66 HPs)
             Began as a Red Draconian Transmuter on Jan 28, 2021.
             Was a Follower of Ru.
             Slain by a vampire (12 damage)
             ... on level 7 of the Dungeon.
             The game lasted 00:05:17 (8552 turns).

kae the Ruffian (Red Draconian Transmuter)          Turns: 8552, Time: 00:05:18

Health: -2/66      AC:  2    Str: 16    XL:     8   Next: 32%
Magic:  11/13      EV: 21    Int: 13    God:    Ru [*.....]
Gold:   298        SH:  0    Dex: 16    Spells: 1/14 levels left

rFire    . . .     SeeInvis .     - Unarmed
rCold    . . .     Faith    .   (shield currently unavailable)
rNeg     . . .     Spirit   .   (armour unavailable)
rPois    x         Reflect  .   (helmet currently unavailable)
rElec    .         Harm     .   (cloak currently unavailable)
rCorr    +         Rampage  .   (gloves currently unavailable)
Will     .....                  (boots currently unavailable)
Stlth    +.........             (no amulet)
HPRegen  0.21/turn              l - ring of resist corrosion
MPRegen  0.13/turn              r - ring of wizardry

@: spider-form
A: tiny, (breathe fire), unfitting armour, no fire magic, no hexes magic, no
summoning magic, AC +6
a: End Transformation, Renounce Religion


You were on level 7 of the Dungeon.
You worshipped Ru.
Ru was aware of your devotion.
You were a venomous arachnid creature.
You visited 2 branches of the dungeon, and saw 8 of its levels.

You collected 298 gold pieces.

Inventory:

Jewellery
 l - a ring of resist corrosion (left front leg)
 r - a ring of wizardry (right front leg)
 t - an uncursed ring of fire
 v - a +6 ring of dexterity
Scrolls
 c - 2 scrolls of enchant armour
 e - 3 scrolls of remove curse
 h - 2 scrolls of amnesia
 k - 3 scrolls of teleportation
 m - a scroll of blinking
 n - a scroll of enchant weapon
 s - a scroll of random uselessness {unknown}
 u - 3 scrolls of identify
 w - a scroll of fear {unknown}
 x - a scroll of magic mapping
 y - 2 scrolls of fog {unknown}
Potions
 a - a potion of lignification
 b - a potion of brilliance {unknown}
 d - a potion of mutation {unknown}
 f - 5 potions of curing
 g - 5 potions of attraction
 i - a potion of might {unknown}
 j - 2 potions of ambrosia {unknown}
 o - a potion of haste {unknown}
 p - 3 potions of flight {unknown}
 q - a potion of cancellation {unknown}
 z - a potion of magic {unknown}
 A - a potion of degeneration {unknown}


   Skills:
 + Level 4.1 Fighting
 + Level 3.7 Dodging
 * Level 6.1 Unarmed Combat
 + Level 3.9 Spellcasting
 + Level 4.3 Transmutations
 * Level 1.4 Ice Magic
 - Level 3.0 Poison Magic


You had one spell level left.
You knew the following spells:

 Your Spells              Type           Power        Failure   Level
a - Beastly Appendage     Tmut           26%          4%          1
b - Spider Form           Tmut/Pois      6%           13%         3
c - Ice Form              Ice/Tmut       10%          41%         4
d - Blade Hands           Tmut           6%           52%         5

Your spell library contained the following spells:

 Spells                   Type           Power        Failure   Level
 Magic Dart               Conj           8%           19%         1
 Wereblood                Tmut           13%          6%          2
 Blink                    Tloc           N/A          26%         2
 Mephitic Cloud           Conj/Pois/Air  5%           30%         3
 Call Imp                 Summ           Unusable     N/A         2
 Slow                     Hex            Unusable     N/A         2
 Conjure Flame            Conj/Fire      Unusable     N/A         3

Dungeon Overview and Level Annotations

Branches:
Dungeon (7/15)             Temple (1/1) D:5

Altars:
Ashenzari
Cheibriados
Dithmenos
Elyvilon
Fedhas
Gozag
Hepliaklqana
Kikubaaqudgha
Makhleb
Nemelex Xobeh
Okawaru
Qazlal
Ru
Sif Muna
Trog
Uskayaw
Vehumet
Xom
Yredelemnul
Zin
The Shining One

Shops:
D:4 *


Innate Abilities, Weirdness & Mutations

((You can breathe blasts of fire.))
((Your fiery red scales are hard. (AC +6)))
You cannot fit into any form of body armour.
((Your flesh is heat resistant. (rF+)))
((You are cold-blooded and may be slowed by cold attacks.))
You cannot study or cast Fire magic.
You cannot study or cast Hexes magic.
You cannot study or cast Summoning magic.


Message History

You are too injured to fight recklessly!
You closely miss something. Something hits you. Something barely misses you.
You are too injured to fight recklessly!
You are too injured to fight recklessly!
You closely miss something. Something hits you! Something bites you.
Something draws strength from your injuries!
You hear an angry buzzing noise.
You barely miss something.
You hear an angry buzzing noise.
A killer bee comes into view.
Something hits you.
* * * LOW HITPOINT WARNING * * *
Something bites you.
* * * LOW HITPOINT WARNING * * *
Something draws strength from your injuries!
You bite something!
A killer bee comes into view.
The killer bee completely misses you. The killer bee closely misses you.
Something hits you!
You die...

#.#.#....# # ...#h#.##
#.#####.#.#.#
##...........#
....#.###(.###
........÷.#############
..#..##.### #.........#
.........####..<......#
..###.##yyy{s.†.......#
#. #####y.........# .
..............# ..
..####.........# ..
#.........# #..
#.........# ###########


You could see 4 killer bees.

Vanquished Creatures
  2 phantoms (D:4)
  A sky beast (D:6)
  A centaur (D:7)
  An ogre (D:4)
  A bullfrog (D:7)
  A scorpion (D:5)
  2 howler monkeys
  A centaur zombie (D:6)
  A bullfrog zombie (D:5)
  A hound (D:7)
  An orc priest (D:5)
  2 orc wizards
  A bullfrog skeleton (D:5)
  2 iguanas
  5 worker ants
  A hound zombie (D:5)
  A worker ant zombie (D:5)
  3 gnolls (D:5)
  8 adders
  3 white imps
  An ufetubus (D:3)
  An ooze (D:2)
  2 worms
  4 dart slugs
  8 leopard geckos
  9 orcs
  3 ball pythons
  9 bats
  4 giant cockroaches
  7 goblins
  11 hobgoblins
  10 jackals
  4 quokkas
  7 frilled lizards
  A giant cockroach zombie (D:5)
  4 kobolds
  A quokka skeleton (D:7)
  12 rats
137 creatures vanquished.

Notes
Turn   | Place    | Note
-------+----------+-------------------------------------------
     0 | D:1      | kae the Draconian Transmuter began the quest for the Orb.
     0 | D:1      | Reached XP level 1. HP: 16/16 MP: 3/3
   166 | D:1      | Reached XP level 2. HP: 19/23 MP: 3/5
   692 | D:1      | Reached XP level 3. HP: 26/28 MP: 4/6
   696 | D:1      | Learned a level 3 spell: Spider Form
  2061 | D:2      | Reached XP level 4. HP: 29/36 MP: 5/7
  2074 | D:2      | Found a shimmering altar of Xom.
  2461 | D:3      | Reached skill level 4 in Unarmed Combat
  2461 | D:3      | Reached XP level 5. HP: 20/41 MP: 4/8
  2471 | D:3      | Reached skill level 1 in Poison Magic
  2809 | D:3      | Found a shadowy altar of Dithmenos.
  3080 | D:3      | Found a faded altar of an unknown god.
  3610 | D:4      | Noticed a phantom
  4497 | D:4      | Killed a phantom
  4498 | D:4      | Reached XP level 6. HP: 27/50 MP: 10/10
  4686 | D:4      | Found Vuntell's Elemental Accessories.
  5010 | D:4      | Found a broken altar of Ashenzari.
  5014 | D:4      | Saw a vision of the Shoals and the Spider Nest.
  5014 | D:4      | Noticed a wolf spider
  5014 | D:4      | Noticed a wind drake
  5014 | D:4      | Noticed a merfolk
  5014 | D:4      | Noticed a wolf spider
  5014 | D:4      | Noticed a redback
  5014 | D:4      | Noticed a wolf spider
  5198 | D:4      | Your scales start taking on a fiery red colour.
  5198 | D:4      | Reached XP level 7. HP: 57/57 MP: 7/11
  5198 | D:4      | Gained mutation: Your flesh is heat resistant. (rF+) [Red
                  | Draconian growth]
  5455 | D:5      | Entered Level 5 of the Dungeon
  5681 | D:5      | Reached skill level 5 in Unarmed Combat
  6156 | D:5      | Found a staircase to the Ecumenical Temple.
  6191 | Temple   | Entered the Ecumenical Temple
  6307 | Temple   | Became a worshipper of Ru the Awakened
  6587 | D:5      | Found a radiant altar of Vehumet.
  6587 | D:5      | Found a snail-covered altar of Cheibriados.
  6588 | D:5      | Found a white marble altar of Elyvilon.
  6682 | D:5      | Found a white marble altar of Elyvilon.
  6693 | D:5      | Found a hazy altar of Hepliaklqana.
  7506 | D:6      | Learned a level 4 spell: Ice Form
  7512 | D:6      | Learned a level 5 spell: Blade Hands
  7557 | D:6      | Found a bloodstained altar of Trog.
  7604 | D:6      | Reached XP level 8. HP: 66/66 MP: 9/13
  7632 | D:6      | Found an ancient bone altar of Kikubaaqudgha.
  7672 | D:6      | Found a sparkling altar of Nemelex Xobeh.
  7702 | D:6      | Found a hide-covered altar of Uskayaw.
  7806 | D:6      | Gained mutation: You cannot study or cast Fire magic. [Ru
                  | sacrifice]
  7806 | D:6      | Gained mutation: You cannot study or cast Hexes magic. [Ru
                  | sacrifice]
  7806 | D:6      | Gained mutation: You cannot study or cast Summoning magic.
                  | [Ru sacrifice]
  7806 | D:6      | Reached * piety under Ru
  8190 | D:7      | Reached skill level 6 in Unarmed Combat
  8190 | D:7      | Reached skill level 1 in Ice Magic
  8198 | D:7      | HP: 3/66 [worker ant (7)]
  8552 | D:7      | Slain by a vampire

Illustrated notes

Levels and vault maps discovered:
D:1:      amcnicky_arrival_feature_with_door, layout_basic,
          wander_ebering_terrifying_dragon_lair
D:2:      layout_basic, tgw_xom
D:3:      layout_basic, lemuel_crystal_altar, chequers_ecumenical_altar_island
D:4:      layout_basic, nicolae_elemental_shop, grunt_ashenzari_visionary
          [grunt_ashenzari_visionary_shoals, grunt_ashenzari_visionary_spider]
D:5:      layout_loops_cross, nzn_hepliaklqana_mist_gate,
          chequers_temple_overflow_statue_of_worship,
          minmay_temple_entry_statues_pillars, lemuel_tele_altar
D:6:      layout_layer_cave, general_overflow_altar, overflow_temple_1_default,
          nemelex_xobeh_ov_fountains_minmay, basic_altar
D:7:      cheibrodos_fzero, layout_rooms, lemuel_round_altar
Temple:   hc_temple_tempest_star

Skill      XL: |  1  2  3  4  5  6  7  8 |
---------------+-------------------------+-----
Dodging        | 2 3 |  3.7
Fighting       | 2 3 4 |  4.1
Unarmed Combat | 4 5 6 |  6.1
Poison Magic   | 2 3 |  3.0
Transmutations | 3 4 |  4.3
Spellcasting   | 3 |  3.9
Ice Magic      | 1 |  1.4

Action                   |  1- 3 |  4- 6 |  7- 9 || total
-------------------------+-------+-------+-------++-------
Melee: Unarmed           |   115 |   236 |   157 ||   508
       Headbutt          |    11 |     5 |       ||    16
       Kick              |    13 |    13 |       ||    26
       Tailslap          |     3 |    11 |    11 ||    25
       Punch             |     2 |       |       ||     2
 Cast: Beastly Appendage |    27 |    16 |       ||    43
       Spider Form       |       |    14 |    20 ||    34
Invok: Sacrifice Arcana  |       |       |     1 ||     1
 Abil: Breathe Fire      |       |       |     6 ||     6
  Use: Scroll            |     5 |     3 |     3 ||    11
Armor: Skin              |    31 |    47 |    22 ||   100
Dodge: Dodged            |    81 |   142 |   146 ||   369

Table legend: (Time is in decaauts)
 A = Elapsed time spent in this place.
 B = Non-inter-level travel time spent in this place.
 C = Inter-level travel time spent in this place.
 D = Time resting spent in this place.
 E = Time spent auto-exploring this place.
 F = Levels seen in this place.
 G = Mean time per level.
                   A        B        C        D        E       F      G
               +--------+--------+--------+--------+--------+-----+--------+
         Total |   8517 |   8341 |    176 |   1488 |   5705 |   8 | 1064.6 |
       Dungeon |   8389 |   8246 |    143 |   1488 |   5613 |   7 | 1198.4 |
        Temple |    128 |     95 |     33 |      0 |     92 |   1 |  128.0 |
               +--------+--------+--------+--------+--------+-----+--------+

Top non-repeatable levels by time:
     D:3: 2069 daAuts
     D:4: 1329 daAuts
     D:6: 1303 daAuts
     D:5: 1296 daAuts
     D:2: 1189 daAuts
     D:1: 1019 daAuts
     D:7: 180 daAuts
  Temple: 128 daAuts
